TOP OF THE 1ST |
Portland Angels batting - Pitching for Houston Colt .45's : RHP Shitoshi Sai
|
Pitching: RHP Shitoshi Sai
|
|
Batting: RHB Fernando Sosa
|
0-0: Ball 1-0: Fly out, F6 (Popup, 6, EV 82.5 MPH)
|
Batting: RHB Dan Contreras
|
0-0: Foul Ball, location: 2F 0-1: Ball 1-1: Ball 2-1: Fly out, F5 (Popup, 56, EV 55.6 MPH)
|
Batting: LHB Ramon Garduno
|
0-0: Foul Ball, location: 2F 0-1: Ball 1-1: Swinging Strike 1-2: Ball 2-2: Strikes out swinging
|
Top of the 1st over - 0 runs, 0 hits, 0 errors, 0 left on base; Portland 0 - Houston 0 |
BOTTOM OF THE 1ST |
Houston Colt .45's batting - Pitching for Portland Angels : RHP Hector Agudelo
|
Pitching: RHP Hector Agudelo
|
|
Batting: RHB John Moore
|
0-0: Ball 1-0: Ball 2-0: Called Strike 2-1: Called Strike 2-2: Ball 3-2: Ground out 4-3 (Groundball, 4, EV 84.4 MPH)
|
Batting: LHB Bob Govella
|
0-0: Ball 1-0: Ball 2-0: Foul Ball, location: 2F 2-1: Fly out, F9 (Flyball, 9D, EV 97.5 MPH)
|
Batting: RHB Areda Obote
|
0-0: Foul Ball, location: 2F 0-1: Foul Ball, location: 2F 0-2: Ball 1-2: Foul Ball, location: 2F 1-2: Ball 2-2: Ball 3-2: Ground out 5-3 (Groundball, 56S, EV 85.6 MPH)
|
Bottom of the 1st over - 0 runs, 0 hits, 0 errors, 0 left on base; Portland 0 - Houston 0 |
TOP OF THE 2ND |
Portland Angels batting - Pitching for Houston Colt .45's : RHP Shitoshi Sai
|
Batting: RHB Alex Rosaly
|
0-0: Called Strike 0-1: Ball 1-1: Reached on error, E5 (Groundball, 56, EV 101.9 MPH)
|
Batting: SHB Yuya Hirata
|
0-0: Ball Alex Rosaly steals 2nd base 1-0: Foul Ball, location: 2F 1-1: Ball 2-1: Called Strike 2-2: 2-RUN HOME RUN (Flyball, 9LD, EV 91.9 MPH), Distance : 348 ft
|
Batting: RHB Carlos Gonzales
|
0-0: Called Strike 0-1: Ball 1-1: Ball 2-1: Foul Ball, location: 2F 2-2: Strikes out swinging
|
Batting: LHB Kevin Feldman
|
0-0: Ball 1-0: Called Strike 1-1: Swinging Strike 1-2: Ball 2-2: Foul Ball, location: 2F 2-2: Ball 3-2: Base on Balls
|
Batting: LHB David Coatney
|
0-0: Called Strike 0-1: Called Strike 0-2: Ball 1-2: Ball 2-2: Foul Ball, location: 2F 2-2: Strikes out swinging
|
Batting: RHB Mario Martinez
|
0-0: Ball 1-0: Called Strike 1-1: Ball 2-1: Foul Ball, location: 2F 2-2: Ball 3-2: Foul Ball, location: 2F 3-2: Base on Balls Kevin Feldman to second
|
Batting: RHB Fernando Sosa
|
0-0: Ball 1-0: Swinging Strike 1-1: Foul Ball, location: 2F 1-2: Strikes out swinging
|
Top of the 2nd over - 2 runs, 1 hit, 1 error, 2 left on base; Portland 2 - Houston 0 |
BOTTOM OF THE 2ND |
Houston Colt .45's batting - Pitching for Portland Angels : RHP Hector Agudelo
|
Batting: LHB Vecdi Hodensack
|
0-0: Ball 1-0: Ball 2-0: Fly out, F8 (Flyball, 8LXD, EV 93.8 MPH)
|
Batting: SHB Terciero Ortiz
|
0-0: Ball 1-0: Called Strike 1-1: Ball 2-1: Fly out, F9 (Flyball, 9LS, EV 93.1 MPH)
|
Batting: RHB Jesus Diego
|
0-0: Ball 1-0: Foul Ball, location: 2F 1-1: Ball 2-1: Foul Ball, location: 2F 2-2: Ball 3-2: Strikes out looking
|
Bottom of the 2nd over - 0 runs, 0 hits, 0 errors, 0 left on base; Portland 2 - Houston 0 |
TOP OF THE 3RD |
Portland Angels batting - Pitching for Houston Colt .45's : RHP Shitoshi Sai
|
Batting: RHB Dan Contreras
|
0-0: Ball 1-0: Fly out, F8 (Flyball, 8LS, EV 92.5 MPH)
|
Batting: LHB Ramon Garduno
|
0-0: Called Strike 0-1: Ball 1-1: Swinging Strike 1-2: Strikes out swinging
|
Batting: RHB Alex Rosaly
|
0-0: Fly out, F8 (Flyball, 8RM, EV 80.6 MPH)
|
Top of the 3rd over - 0 runs, 0 hits, 0 errors, 0 left on base; Portland 2 - Houston 0 |
BOTTOM OF THE 3RD |
Houston Colt .45's batting - Pitching for Portland Angels : RHP Hector Agudelo
|
Batting: RHB Patrick Pinault
|
0-0: SINGLE (Groundball, 6M, EV 109.4 MPH) (infield hit)
|
Batting: RHB Noah Pena
|
0-0: Ball 1-0: Called Strike 1-1: Called Strike 1-2: Foul Ball, location: 2F 1-2: Strikes out looking
|
Batting: RHB Domingas Saragoa
|
0-0: Called Strike 0-1: Ball 1-1: Ball Patrick Pinault steals 2nd base 2-1: Ball 3-1: Ground out 5-3 (Groundball, 56, EV 86.2 MPH)
|
Batting: RHB John Moore
|
0-0: Ball Wild Pitch! Patrick Pinault to third 1-0: Foul Ball, location: 2F 1-1: Ball Wild Pitch! Patrick Pinault scores 2-1: Ball 3-1: Called Strike 3-2: Fly out, F8 (Flyball, 8LM, EV 73.1 MPH)
|
Bottom of the 3rd over - 1 run, 1 hit, 0 errors, 0 left on base; Portland 2 - Houston 1 |
TOP OF THE 4TH |
Portland Angels batting - Pitching for Houston Colt .45's : RHP Shitoshi Sai
|
Batting: SHB Yuya Hirata
|
0-0: DOUBLE (Line Drive, 89M, EV 93.8 MPH) - OUT at third base trying to stretch hit.
|
Batting: RHB Carlos Gonzales
|
0-0: Called Strike 0-1: Swinging Strike 0-2: Ball 1-2: Ball 2-2: Ball 3-2: Base on Balls
|
Batting: LHB Kevin Feldman
|
0-0: Ball 1-0: Swinging Strike 1-1: Called Strike Balk! Carlos Gonzales to second 1-2: Strikes out looking
|
Batting: LHB David Coatney
|
0-0: Ball 1-0: Ground out 5-3 (Groundball, 5D, EV 106.2 MPH)
|
Top of the 4th over - 0 runs, 1 hit, 0 errors, 1 left on base; Portland 2 - Houston 1 |
BOTTOM OF THE 4TH |
Houston Colt .45's batting - Pitching for Portland Angels : RHP Hector Agudelo
|
Batting: LHB Bob Govella
|
0-0: Ball 1-0: Ball 2-0: Ball 3-0: Base on Balls
|
Batting: RHB Areda Obote
|
0-0: Called Strike 0-1: Ball 1-1: Ball 2-1: Ball 3-1: Foul Ball, location: 2F 3-2: Foul Ball, location: 2F 3-2: SINGLE (Line Drive, 5D, EV 100.6 MPH) Bob Govella to second
|
Batting: LHB Vecdi Hodensack
|
0-0: Swinging Strike 0-1: Called Strike 0-2: Ball 1-2: Ball 2-2: Strikes out swinging
|
Batting: SHB Terciero Ortiz
|
0-0: Called Strike 0-1: Ball 1-1: Ball 2-1: Ball 3-1: Reached on error, E3 (Groundball, 3S, EV 88.1 MPH) Bob Govella to third Areda Obote to second
|
Batting: RHB Jesus Diego
|
0-0: Ball 1-0: Ball Wild Pitch! Bob Govella scores Areda Obote to third Terciero Ortiz to second 2-0: Called Strike 2-1: Ball 3-1: SINGLE (Groundball, 34D, EV 101.9 MPH) Areda Obote scores Terciero Ortiz to third
|
Batting: RHB Patrick Pinault
|
0-0: Foul Ball, location: 2F 0-1: Ball 1-1: Swinging Strike 1-2: Foul Ball, location: 2F 1-2: Strikes out swinging
|
Pitching: RHP Victor Padilla
|
|
Batting: RHB Noah Pena
|
0-0: Foul Ball, location: 2F 0-1: Ball 1-1: Ball Wild Pitch! Terciero Ortiz scores Jesus Diego to second 2-1: Foul Ball, location: 2F 2-2: Strikes out swinging
|
Bottom of the 4th over - 3 runs, 2 hits, 1 error, 1 left on base; Portland 2 - Houston 4 |
TOP OF THE 5TH |
Portland Angels batting - Pitching for Houston Colt .45's : RHP Shitoshi Sai
|
Batting: RHB Mario Martinez
|
0-0: Ball 1-0: Swinging Strike 1-1: Foul Ball, location: 2F 1-2: Foul Ball, location: 2F 1-2: Fly out, F9 (Flyball, 89S, EV 90.0 MPH)
|
Batting: RHB Fernando Sosa
|
0-0: Called Strike 0-1: Swinging Strike 0-2: Ball 1-2: Foul Ball, location: 2F 1-2: Strikes out swinging
|
Batting: RHB Dan Contreras
|
0-0: Fly out, F3 (Popup, 3SF, EV 84.4 MPH)
|
Top of the 5th over - 0 runs, 0 hits, 0 errors, 0 left on base; Portland 2 - Houston 4 |
BOTTOM OF THE 5TH |
Houston Colt .45's batting - Pitching for Portland Angels : RHP Victor Padilla
|
Batting: RHB Domingas Saragoa
|
0-0: Foul Ball, location: 2F 0-1: Swinging Strike 0-2: Ball 1-2: Foul Ball, location: 2F 1-2: Ground out U3 (Groundball, 23, EV 78.1 MPH)
|
Batting: RHB John Moore
|
0-0: Called Strike 0-1: Called Strike 0-2: Foul Ball, location: 2F 0-2: Foul Ball, location: 2F 0-2: Ground out 6-3 (Groundball, 6S, EV 70.6 MPH)
|
Batting: LHB Bob Govella
|
0-0: Ball 1-0: Foul Ball, location: 2F 1-1: SINGLE (Flyball, 7, EV 81.9 MPH)
|
Batting: RHB Areda Obote
|
0-0: Swinging Strike 0-1: Fly out, F3 (Popup, 3SF, EV 79.4 MPH)
|
Bottom of the 5th over - 0 runs, 1 hit, 0 errors, 1 left on base; Portland 2 - Houston 4 |
TOP OF THE 6TH |
Portland Angels batting - Pitching for Houston Colt .45's : RHP Shitoshi Sai
|
Batting: LHB Ramon Garduno
|
0-0: Ball 1-0: Called Strike 1-1: Ball 2-1: Ball 3-1: Foul Ball, location: 2F 3-2: Strikes out swinging
|
Pitching: LHP Frank Vazquez
|
|
Batting: RHB Alex Rosaly
|
0-0: Ball 1-0: Called Strike 1-1: Foul Ball, location: 2F 1-2: Strikes out looking
|
Batting: SHB Yuya Hirata
|
0-0: Called Strike 0-1: Ball 1-1: Ball 2-1: Swinging Strike 2-2: Foul Ball, location: 2F 2-2: Strikes out swinging
|
Top of the 6th over - 0 runs, 0 hits, 0 errors, 0 left on base; Portland 2 - Houston 4 |
BOTTOM OF THE 6TH |
Houston Colt .45's batting - Pitching for Portland Angels : RHP Victor Padilla
|
Batting: LHB Vecdi Hodensack
|
0-0: Ball 1-0: Swinging Strike 1-1: Swinging Strike 1-2: Strikes out swinging
|
Batting: SHB Terciero Ortiz
|
0-0: Called Strike 0-1: Ball 1-1: Foul Ball, location: 2F 1-2: Fly out, F7 (Flyball, 78D, EV 101.2 MPH)
|
Batting: RHB Jesus Diego
|
0-0: SINGLE (Groundball, 56D, EV 101.9 MPH)
|
Batting: RHB Patrick Pinault
|
0-0: Ground out 4-3 (Groundball, 4MS, EV 87.5 MPH)
|
Bottom of the 6th over - 0 runs, 1 hit, 0 errors, 1 left on base; Portland 2 - Houston 4 |
TOP OF THE 7TH |
Portland Angels batting - Pitching for Houston Colt .45's : LHP Frank Vazquez
|
Batting: RHB Carlos Gonzales
|
0-0: Ball 1-0: Ball 2-0: Called Strike 2-1: Called Strike 2-2: Ball 3-2: Foul Ball, location: 2F 3-2: Foul Ball, location: 2F 3-2: SINGLE (Groundball, 4MD, EV 105.6 MPH)
|
Batting: LHB Kevin Feldman
|
0-0: Ball 1-0: Ball 2-0: Foul Ball, location: 2F 2-1: Foul Ball, location: 2F 2-2: Ball 3-2: Base on Balls Carlos Gonzales to second
|
Batting: LHB David Coatney
|
0-0: Sac Bunt to 3S - play at first, batter OUT! 3-4 Carlos Gonzales to third Kevin Feldman to second
|
Batting: RHB Mario Martinez
|
0-0: Called Strike 0-1: Foul Ball, location: 2F 0-2: Foul Ball, location: 2F 0-2: Foul Ball, location: 2F 0-2: Ground out U3 (Groundball, 3S, EV 90.6 MPH)
|
Pitching: RHP Tony Barrios
|
|
Batting: RHB Fernando Sosa
|
0-0: Ball 1-0: Ball 2-0: Ball 3-0: Called Strike 3-1: SINGLE (Line Drive, 34D, EV 103.8 MPH) Carlos Gonzales scores Kevin Feldman to third
|
Batting: RHB Dan Contreras
|
0-0: Called Strike 0-1: Ground out 1-3 (Groundball, 13, EV 67.5 MPH)
|
Top of the 7th over - 1 run, 2 hits, 0 errors, 2 left on base; Portland 3 - Houston 4 |
BOTTOM OF THE 7TH |
Houston Colt .45's batting - Pitching for Portland Angels : RHP Victor Padilla
|
Batting: RHB Noah Pena
|
0-0: Hit by Pitch
|
Batting: RHB Domingas Saragoa
|
0-0: Ball 1-0: Called Strike 1-1: Ball 2-1: Called Strike 2-2: Strikes out swinging
|
Batting: RHB John Moore
|
0-0: Called Strike 0-1: 2-RUN HOME RUN (Line Drive, 9D, EV 101.9 MPH), Distance : 375 ft
|
Batting: LHB Bob Govella
|
0-0: Ground out 3-1 (Groundball, 34, EV 83.1 MPH)
|
Batting: RHB Areda Obote
|
0-0: Foul Ball, location: 2F 0-1: Fly out, F7 (Line Drive, 7, EV 94.4 MPH)
|
Bottom of the 7th over - 2 runs, 1 hit, 0 errors, 0 left on base; Portland 3 - Houston 6 |
TOP OF THE 8TH |
Portland Angels batting - Pitching for Houston Colt .45's : RHP Tony Barrios
|
Now at SS: Jarno van Lente
|
|
Now in LF: Areda Obote
|
|
Batting: LHB Ramon Garduno
|
0-0: Called Strike 0-1: Fly out, F8 (Flyball, 8LM, EV 83.8 MPH)
|
Batting: RHB Alex Rosaly
|
0-0: Ball 1-0: Called Strike 1-1: Foul Ball, location: 2F 1-2: Ground out 5-3 (Groundball, 56S, EV 63.8 MPH)
|
Batting: SHB Yuya Hirata
|
0-0: Called Strike 0-1: Foul Ball, location: 2F 0-2: Ball 1-2: Foul Ball, location: 2F 1-2: Ball 2-2: Strikes out swinging
|
Top of the 8th over - 0 runs, 0 hits, 0 errors, 0 left on base; Portland 3 - Houston 6 |
BOTTOM OF THE 8TH |
Houston Colt .45's batting - Pitching for Portland Angels : RHP Victor Padilla
|
Batting: LHB Vecdi Hodensack
|
0-0: Ball 1-0: Called Strike 1-1: Foul Ball, location: 2F 1-2: SOLO HOME RUN (Flyball, 9LD, EV 93.1 MPH), Distance : 341 ft
|
Pitching: LHP Willie Valenzuela
|
|
Batting: SHB Terciero Ortiz
|
0-0: Foul Ball, location: 2F 0-1: Fly out, F9 (Line Drive, 89D, EV 96.2 MPH)
|
Batting: RHB Jarno van Lente
|
0-0: Foul Ball, location: 2F 0-1: Foul Ball, location: 2F 0-2: Ball 1-2: Foul Ball, location: 2F 1-2: Fly out, F7 (Flyball, 7, EV 93.8 MPH)
|
Batting: RHB Patrick Pinault
|
0-0: Called Strike 0-1: Fly out, F7 (Flyball, 7LM, EV 89.4 MPH)
|
Bottom of the 8th over - 1 run, 1 hit, 0 errors, 0 left on base; Portland 3 - Houston 7 |
TOP OF THE 9TH |
Portland Angels batting - Pitching for Houston Colt .45's : RHP Tony Barrios
|
Batting: RHB Carlos Gonzales
|
0-0: Ball 1-0: Ball 2-0: Ball 3-0: Called Strike 3-1: Foul Ball, location: 2F 3-2: Strikes out swinging
|
Batting: LHB Kevin Feldman
|
0-0: Ball 1-0: Ball 2-0: Ball 3-0: Called Strike 3-1: Called Strike 3-2: Strikes out looking
|
Pitching: RHP Steve Kelly
|
|
Batting: LHB David Coatney
|
0-0: Called Strike 0-1: Called Strike 0-2: Strikes out swinging
|
Top of the 9th over - 0 runs, 0 hits, 0 errors, 0 left on base; Portland 3 - Houston 7 |
|